 Dungeon Crawl Stone Soup version 0.18.1-50-g88ac8fd (webtiles) character file.

57 CountDeLaPain the Stinger (level 3, -3/16 HPs)
             Began as a Spriggan Venom Mage on Mar 1, 2017.
             Killed from afar by Natasha (9 damage)
             ... with a magic dart
             ... on level 2 of the Dungeon on Mar 2, 2017.
             The game lasted 00:08:04 (2329 turns).

CountDeLaPain the Stinger (Spriggan Venom Mage)     Turns: 2329, Time: 00:08:06

Health: -3/16      AC:  2    Str:  5    XL:     3   Next: 73%
Magic:  0/8        EV: 18    Int: 16    God:
Gold:   116        SH:  0    Dex: 16    Spells: 3 memorised, 2 levels left

rFire  . . .     SeeInvis +     g - +0 dagger
rCold  . . .     Gourm    .     a - +0 robe
rNeg   . . .     Faith    .     (shield restricted)
rPois  .         Spirit   .     (helmet restricted)
rElec  .         Dismiss  .     (no cloak)
rCorr  .         Reflect  .     (gloves unavailable)
SustAt .         Harm     .     (boots unavailable)
MR     .....                    (no amulet)
Stlth  +++.......               (no ring)
                                (no ring)

@: about to teleport, very slightly contaminated, slowed, quick, not resistant
to hostile enchantments, fairly stealthy
A: unfitting armour, see invisible, herbivore 3, speed 3, slow metabolism 2
a: no special abilities


You were on level 2 of the Dungeon.
You were not hungry.

You visited 1 branch of the dungeon, and saw 2 of its levels.

You collected 116 gold pieces.

Inventory:

Hand Weapons
 g - a +0 dagger (weapon)
Armour
 a - a +0 robe (worn)
Scrolls
 d - 3 scrolls of remove curse
 e - a scroll of enchant armour {unknown}
 f - 2 scrolls of teleportation
 j - a scroll of identify {unknown}
 n - a scroll of immolation {unknown}
Potions
 h - a potion of agility {unknown}
 i - 2 potions of curing {unknown}
 k - a potion of beneficial mutation {unknown}
 l - a potion of brilliance {unknown}
 m - a potion of lignification {unknown}
 o - 2 potions of heal wounds {unknown}
Books
 b - a Young Poisoner's Handbook

   Spells                             Type                      Level
   a - Sting                          Conjuration/Poison           1
   b - Cure Poison                    Poison                       2
   c - Mephitic Cloud                 Conjuration/Poison/Air       3
   d - Olgreb's Toxic Radiance        Poison                       4
   e - Venom Bolt                     Conjuration/Poison           5
Comestibles
 c - 3 bread rations


   Skills:
 + Level 0.1 Fighting
 + Level 3.3 Dodging
 + Level 3.8 Stealth
 + Level 3.3 Spellcasting
 + Level 0.9 Conjurations
 + Level 4.4 Poison Magic


You had 2 spell levels left.
You knew the following spells:

 Your Spells              Type           Power        Failure   Level  Hunger
a - Sting                 Conj/Pois      ##..         8%          1    None
b - Cure Poison           Pois           ###.......   6%          2    ##.....
c - Mephitic Cloud        Conj/Pois/Air  #.......     28%         3    ###....


Dungeon Overview and Level Annotations

Branches:
Dungeon (2/15)

Altars:
Nemelex Xobeh

Annotations:
D:2 Natasha


Innate Abilities, Weirdness & Mutations

You are tiny and cannot use many weapons and most armour.
You have supernaturally acute eyesight.
You are a herbivore.
You cover ground extremely quickly.
You need consume almost no food.


Message History

You feel blessed for a moment.
It was a scroll of remove curse.
Natasha barely misses you. The shadow imp closely misses you.
Natasha misses you.
Read which item? (? for menu, Esc to quit)
As you read the scroll labeled NOAZOI ARIMYI, it crumbles to dust.
You feel strangely unstable.
It was a scroll of teleportation.
The shadow imp completely misses you. Natasha misses you.
The shadow imp hits you.
Casting: Sting
Confirm with . or Enter, or press ? or * to list all spells.
You don't have enough magic to cast that spell.
Unknown command.
You hit Natasha but do no damage.
Natasha is moderately wounded.
Natasha stares at you and mumbles some strange words.
The magic dart hits you! The shadow imp closely misses you.
Natasha casts a spell at you. The magic dart hits you!
Ouch! That really hurt!
You die...

##. ...........##
... ######h....#
.# #.....#.#
.########.....#.##
..........#...#..#
#####.##.#######.#
#####.##.# #.#
.....[...# #h#
........## #@#
........# #5#
........# #.#
........# #.#
.......## #.#
.......#########.#
...............#.#
.†....#..(......†#
)....##.........†#


You could see Natasha and a shadow imp.

Vanquished Creatures
  A worm (D:2)
  3 dart slugs
  4 giant cockroaches
  7 hobgoblins
  4 jackals (D:1)
  4 kobolds
  3 bats
  A giant newt (D:2)
  11 goblins
  4 rats
42 creatures vanquished.

Notes
Turn   | Place    | Note
--------------------------------------------------------------
     0 | D:1      | CountDeLaPain the Spriggan Venom Mage began the quest for the Orb.
     0 | D:1      | Reached XP level 1. HP: 9/9 MP: 5/5
   444 | D:1      | Reached XP level 2. HP: 13/13 MP: 0/6
  1077 | D:1      | Reached XP level 3. HP: 16/16 MP: 4/8
  1345 | D:1      | Learned a level 2 spell: Cure Poison
  1349 | D:1      | Learned a level 3 spell: Mephitic Cloud
  1449 | D:2      | Found a sparkling altar of Nemelex Xobeh.
  2163 | D:2      | Noticed Natasha
  2329 | D:2      | Killed from afar by Natasha

Skill      XL: |  1  2 |
---------------+-------+-----
Spellcasting   | 3 |  3.3
Fighting       | |  0.1
Dodging        | |  3.3
Stealth        | |  3.8
Conjurations   | |  0.9
Poison Magic   | |  4.4

Action                   || total
-------------------------++-------
Melee: Dagger            ||    36
       Unarmed           ||     1
 Cast: Sting             ||   101
       Mephitic Cloud    ||     1
  Use: Scroll            ||     2
Armor: Robe              ||     4
Dodge: Dodged            ||    60
